 Dungeon Crawl Stone Soup version 0.19.5 (webtiles) character file.

735 Rrauwl the Carver (level 8, 0/60 HPs)
             Began as a Formicid Abyssal Knight on Mar 13, 2017.
             Was a Priest of Lugonu.
             Slain by Menkaure (7 damage)
             ... on level 5 of the Dungeon.
             The game lasted 00:20:45 (3596 turns).

Rrauwl the Carver (Formicid Abyssal Knight)         Turns: 3596, Time: 00:20:46

Health: 0/60       AC: 11    Str: 18    XL:     8   Next: 4%
Magic:  8/9        EV:  5    Int: 13    God:    Lugonu [***...]
Gold:   230        SH:  0    Dex: 10    Spells: 0 memorised, 7 levels left

rFire  . . .     SeeInvis +     a - +1 falchion (drain)
rCold  . . .     Gourm    .     g - +0 plate armour
rNeg   . . .     Faith    .     (no shield)
rPois  .         Spirit   .     (helmet unavailable)
rElec  .         Reflect  .     (no cloak)
rCorr  .         Harm     .     (no gloves)
MR     .....                    (no boots)
Stlth  ..........               (no amulet)
                                (no ring)
                                (no ring)

@: no status effects
A: permanent stasis, dig shafts and tunnels, four strong arms, antennae 3
a: Dig, Shaft Self, Depart the Abyss, Bend Space, Banish, Renounce Religion


You were on level 5 of the Dungeon.
You worshipped Lugonu.
Lugonu was most pleased with you.
You were not hungry.

You visited 1 branch of the dungeon, and saw 5 of its levels.
You visited the Abyss 1 time.

You collected 230 gold pieces.

Inventory:

Hand Weapons
 a - a +1 falchion of draining (weapon)
Missiles
 f - 3 poisoned tomahawks (quivered)
Armour
 g - a +0 plate armour (worn)
Scrolls
 b - a scroll of random uselessness
 d - 4 scrolls of remove curse
 e - a scroll of fear
 k - 3 scrolls of identify
Comestibles
 c - 2 bread rations
 h - a chunk of flesh
 i - 3 meat rations
 j - 2 fruits
 n - 2 slices of pizza


   Skills:
 - Level 4.0 Fighting
 + Level 8.0 Long Blades
 - Level 3.0 Armour
 - Level 1.0 Dodging
 - Level 2.1 Invocations


You had 7 spell levels left.
You didn't know any spells.

Dungeon Overview and Level Annotations

Branches:
Dungeon (5/15)
 Temple: D:4-7

Altars:
Ashenzari
Gozag
Xom
Zin
The Shining One

Annotations:
D:5 Menkaure


Innate Abilities, Weirdness & Mutations

You are under a permanent stasis effect.
You can dig through walls and to a lower floor.
Your four strong arms can wield two-handed weapons with a shield.
You have a pair of large antennae on your head. (SInv)


Message History

You hit Menkaure but do no damage. Menkaure hits you!
* * * LOW HITPOINT WARNING * * *
You barely miss Menkaure. Menkaure hits you but does no damage.
Space bends around you!
You blink.
* * * LOW HITPOINT WARNING * * *
Menkaure calls on the powers of darkness!
Your body is wracked with pain!
* * * LOW HITPOINT WARNING * * *
Menkaure mumbles some strange words.
Menkaure seems to speed up.
There is an open door here.
You open the door.
There is an open door here.
You see here a robe.
There is an open door here.
You see here a ring mail.
Space bends around you!
You blink.
* * * LOW HITPOINT WARNING * * *
Menkaure hits you!
You die...

..M...... ......... #........
#........ #........
########........
......##........
####.........##################
#.........#.!@.............#{
#.........#..M.............#
#....M....#.##'#######<##..#
#....#....#ยง#...........#
##+###....#.#...........#
#....#.#...........#
.###....#.#[..#######.#
#........#.'...# .#
#####....#.#...# .#


You could see Menkaure.

Vanquished Creatures
  The ghost of Nubser the Skirmisher, an amateur HOFi (D:4)
  2 ogres (D:4)
  A bullfrog (D:5)
  A scorpion (D:4)
  4 orc priests
  A killer bee zombie (D:4)
  Robin (D:2)
  5 adders
  A shadow imp (D:4)
  2 worms
  3 dart slugs
  3 leopard geckos
  14 orcs
  9 bats
  3 giant cockroaches
  14 goblins
  9 hobgoblins
  6 jackals
  5 kobolds
  A ball python (D:3)
  A ball python skeleton (D:4)
  5 frilled lizards
  5 rats
97 creatures vanquished.

Notes
Turn   | Place    | Note
-------+----------+-------------------------------------------
     0 | Abyss:1  | Rrauwl the Formicid Abyssal Knight began the quest for the Orb.
     0 | Abyss:1  | Reached XP level 1. HP: 18/18 MP: 2/2
    30 | Abyss:1  | Noticed a spatial vortex
    31 | Abyss:1  | Noticed a neqoxec
    32 | Abyss:1  | Noticed a spatial vortex
    33 | Abyss:1  | Noticed a spatial maelstrom
    34 | Abyss:1  | Noticed a spatial vortex
    38 | Abyss:1  | Noticed a large abomination
    38 | Abyss:1  | Noticed a spatial vortex
    55 | Abyss:2  | Noticed a tentacled starspawn
    65 | Abyss:2  | Noticed a large abomination
    88 | Abyss:3  | Found a corrupted altar of Lugonu.
    93 | Abyss:3  | Noticed a swamp dragon
   107 | Abyss:3  | Noticed a spatial maelstrom
   108 | Abyss:3  | Noticed a spatial vortex
   109 | Abyss:4  | Noticed a raiju
   109 | Abyss:4  | Noticed a lightning spire
   113 | Abyss:4  | Noticed a thrashing horror
   113 | D:1      | Escaped the Abyss
   234 | D:1      | Reached skill level 1 in Dodging
   308 | D:1      | Reached * piety under Lugonu
   308 | D:1      | Reached XP level 2. HP: 22/24 MP: 3/3
   450 | D:1      | Reached XP level 3. HP: 21/30 MP: 4/4
   842 | D:2      | Reached XP level 4. HP: 33/37 MP: 5/5
   884 | D:2      | Reached ** piety under Lugonu
   905 | D:2      | Noticed Robin
   913 | D:2      | Reached skill level 3 in Long Blades
   918 | D:2      | Killed Robin
  1367 | D:3      | Reached XP level 5. HP: 35/42 MP: 6/6
  1476 | D:3      | Reached skill level 4 in Long Blades
  1487 | D:3      | Found a glowing golden altar of the Shining One.
  1670 | D:3      | Reached XP level 6. HP: 46/48 MP: 7/7
  1890 | D:3      | Reached skill level 5 in Long Blades
  2108 | D:4      | Noticed an ogre
  2113 | D:4      | Killed an ogre
  2403 | D:4      | Reached skill level 6 in Long Blades
  2526 | D:4      | Reached *** piety under Lugonu
  2554 | D:4      | Found a glowing silver altar of Zin.
  2554 | D:4      | Found an opulent altar of Gozag.
  2650 | D:4      | Noticed an ogre
  2653 | D:4      | Reached XP level 7. HP: 41/54 MP: 8/8
  2747 | D:4      | Reached skill level 7 in Long Blades
  3062 | D:4      | Found a shimmering altar of Xom.
  3134 | D:4      | Noticed Nubser's ghost (amateur HOFi)
  3194 | D:4      | Killed Nubser's ghost
  3446 | D:4      | Found a shattered altar of Ashenzari.
  3513 | D:5      | Entered Level 5 of the Dungeon
  3544 | D:5      | Reached skill level 8 in Long Blades
  3544 | D:5      | Reached XP level 8. HP: 59/60 MP: 9/9
  3560 | D:5      | Noticed Menkaure
  3596 | D:5      | Slain by Menkaure

Skill      XL: |  1  2  3  4  5  6  7 |
---------------+----------------------+-----
Dodging        | 1 |  1.0
Armour         | 3 |  3.0
Fighting       | 4 |  4.0
Long Blades    | 3 4 6 8 |  8.0
Invocations    | |  2.1

Action                   |  1- 3 |  4- 6 |  7- 9 || total
-------------------------+-------+-------+-------++-------
Melee: Falchion          |    83 |   156 |    94 ||   333
Invok: Depart the Abyss  |     1 |       |       ||     1
       Bend Space        |       |       |     3 ||     3
  Use: Scroll            |     5 |     1 |     3 ||     9
       Potion            |     1 |     5 |     2 ||     8
  Eat: Chunk             |       |     6 |     2 ||     8
       Fruit             |       |       |     1 ||     1
Armor: Plate armour      |    56 |   111 |    42 ||   209
       Skin              |       |       |    19 ||    19
Dodge: Dodged            |    24 |    43 |    18 ||    85
       Rpst.: Falchion   |     5 |    11 |     4 ||    20
